 Dungeon Crawl Stone Soup version 0.21-a0-171-g0f4a3b6 (webtiles) character file.

275 aurelian the Magician (level 6, -12/41 HPs)
             Began as a Mummy Summoner on Aug 6, 2017.
             Killed by divine providence
             ... invoked by an orc priest
              (14 damage)
             ... on level 3 of the Dungeon.
             The game lasted 00:20:16 (5640 turns).

aurelian the Magician (Mummy Summoner)              Turns: 5640, Time: 00:20:17

Health: -12/41     AC:  2    Str: 11    XL:     6   Next: 3%
Magic:  4/13       EV: 12    Int: 17    God:
Gold:   111        SH:  0    Dex: 12    Spells: 5/15 levels left

rFire    x . .     SeeInvis +   c - +0 club
rCold    + . .     Gourm    .   (no shield)
rNeg     + + +     Faith    .   a - +0 robe
rPois    ∞         Spirit   .   (no helmet)
rElec    .         Reflect  .   (no cloak)
rCorr    .         Harm     .   (no gloves)
MR       +....                  (no boots)
Stlth    ++........             (no amulet)
HPRegen  0.13/turn              k - ring of see invisible
MPRegen  0.13/turn              e - ring of protection from magic

@: very slightly contaminated
A: no food or potions, fire vulnerability, cold resistance 1, negative energy
resistance 3, torment resistance, unbreathing
a: no special abilities


You were on level 3 of the Dungeon.
You were not hungry.

You visited 1 branch of the dungeon, and saw 4 of its levels.

You collected 111 gold pieces.

Inventory:

Hand Weapons
 c - a +0 club (weapon)
Missiles
 g - 54 sling bullets
 j - 5 tomahawks (quivered)
Armour
 a - a +0 robe (worn)
Jewellery
 e - a ring of protection from magic (right hand)
 k - a ring of see invisible (left hand)
Scrolls
 f - a scroll of amnesia {unknown}
 h - 4 scrolls of remove curse {unknown}
 i - a scroll of enchant weapon {unknown}
 l - a scroll of fog {unknown}
 m - 4 scrolls of identify {unknown}
Books
 b - a book of Callings

   Spells                             Type                      Level
   a - Summon Small Mammal            Summoning                    1
   b - Call Imp                       Summoning                    2
   c - Call Canine Familiar           Summoning                    3
   d - Summon Guardian Golem          Hexes/Summoning              3
   e - Summon Lightning Spire         Summoning/Air                4
   f - Summon Ice Beast               Ice/Summoning                4


   Skills:
 - Level 1.5 Dodging
 - Level 1.5 Stealth
 - Level 5.1 Spellcasting
 + Level 4.7 Summonings
 * Level 1.7 Air Magic


You had 5 spell levels left.
You knew the following spells:

 Your Spells              Type           Power        Failure   Level  Hunger
a - Summon Small Mammal   Summ           ###.         1%          1    N/A
b - Call Imp              Summ           ###.....     3%          2    N/A
c - Call Canine Familiar  Summ           ###.....     6%          3    N/A
d - Summon Lightning Spi  Summ/Air       ###.....     36%         4    N/A

Dungeon Overview and Level Annotations

Branches:
Dungeon (4/15)
 Temple: D:4-7

Altars:
Makhleb

Annotations:
D:3 ALM420's ghost, amateur HuGl
D:4 Ultimedi's ghost, amateur DsAK


Innate Abilities, Weirdness & Mutations

You do not eat or drink.
Your flesh is vulnerable to fire.
You are immune to poison.
Your flesh is cold resistant. (rC+)
You are immune to negative energy. (rN+++)
You are immune to unholy pain and torment.
You can survive without breathing.


Message History

The orc priest barely misses you. The orc hits you with a falchion.
* * * LOW HITPOINT WARNING * * *
Your hound bites the orc priest.
Unknown command.
Okay, then.
Unknown command.
You swap places.
The orc priest hits you from afar with a trident.
* * * LOW HITPOINT WARNING * * *
Your hound closely misses the orc priest.
Your iron imp hits the orc.
The orc dies!
You swap places.
Your hound bites the orc priest but does no damage.
The orc priest barely misses you.
Your hound bites the orc priest.
Things that are here:
a falchion; a scale mail The orc priest mumbles some strange prayers to Beogh against you.
Beogh smites you!
You die...

#..# #.# #.##.#.# #.#
#..# #.# #.##.#.# #.#
#..####.###.##.#.# #.#
#.............W#.####.#
##.#######....o..<....#
##.# #...###.######
...# #..># #.#
...#######...# #.#
.............# #@#
...#######.### #h#
...##..>...#####.#
....#.###......o5#
......# ##.#######
..o.### #.# .).## #.#
..########.#
...........#


You could see an orc priest, a friendly hound and a friendly iron imp.

Vanquished Creatures
  An adder (D:3)
  An orc (D:3)
  3 goblins
  A hobgoblin (D:3)
  2 jackals (D:2)
  2 kobolds (D:2)
  A ball python (D:2)
  2 bats
  3 frilled lizards
  3 rats
19 creatures vanquished.

Vanquished Creatures (collateral kills)
  An ogre (D:4)
  A howler monkey (D:4)
  A hound (D:3)
  3 orc priests
  An orc wizard (D:3)
  A worker ant (D:3)
  3 adders (D:3)
  An ooze (D:3)
  4 worms
  3 leopard geckos
  15 orcs
  3 giant cockroaches
  7 goblins
  4 hobgoblins
  5 jackals
  2 quokkas
  2 ball pythons
  3 bats
  8 frilled lizards
  7 kobolds
  4 rats
79 creatures vanquished.

Grand Total: 98 creatures vanquished

Notes
Turn   | Place    | Note
-------+----------+-------------------------------------------
     0 | D:1      | aurelian the Mummy Summoner began the quest for the Orb.
     0 | D:1      | Reached XP level 1. HP: 13/13 MP: 4/4
   212 | D:1      | Reached skill level 3 in Spellcasting
   395 | D:1      | Reached XP level 2. HP: 19/19 MP: 0/6
   521 | D:1      | Learned a level 2 spell: Call Imp
  1659 | D:2      | Reached XP level 3. HP: 23/24 MP: 5/8
  2289 | D:3      | Learned a level 3 spell: Call Canine Familiar
  2457 | D:3      | Found a burning altar of Makhleb.
  2635 | D:3      | Reached skill level 4 in Spellcasting
  2819 | D:3      | Noticed ALM420's ghost (amateur HuGl)
  3086 | D:2      | Reached XP level 4. HP: 28/30 MP: 5/10
  4252 | D:2      | Learned a level 4 spell: Summon Lightning Spire
  4270 | D:2      | Reached skill level 5 in Spellcasting
  4270 | D:2      | Reached XP level 5. HP: 29/35 MP: 7/12
  5251 | D:4      | Noticed Ultimedi's ghost (amateur DsAK)
  5252 | D:4      | Reached skill level 1 in Air Magic
  5374 | D:4      | Noticed an ogre
  5391 | D:4      | Killed an ogre
  5547 | D:3      | Reached XP level 6. HP: 20/41 MP: 9/13
  5636 | D:3      | HP: 2/41 [orc/falchion (6)]
  5640 | D:3      | Killed from afar by an orc priest

Vault maps used:
D:1:      dpeg_arrival_rooms_with_view, feat_on_display
D:3:      makhleb_heckhound_becter, first_bread
D:4:      kennysheep_okawaru_gauntlet, kennysheep_mini_moat,
          nicolae_overflow_hidden_temple

Skill      XL: |  1  2  3  4  5 |
---------------+----------------+-----
Spellcasting   | 3 4 5 |  5.1
Summonings     | 4 |  4.7
Air Magic      | 1 |  1.7
Dodging        | |  1.5
Stealth        | |  1.5

Action                   |  1- 3 |  4- 6 || total
-------------------------+-------+-------++-------
Melee: Club              |    45 |    42 ||    87
       Unarmed           |     2 |       ||     2
Throw: Tomahawk          |     3 |       ||     3
 Cast: Summon Small Mamm |    54 |     3 ||    57
       Call Imp          |    35 |    43 ||    78
       Call Canine Famil |     5 |    23 ||    28
 Stab: Sleeping          |     2 |       ||     2
Armor: Robe              |    21 |    10 ||    31
Dodge: Dodged            |    57 |    42 ||    99
